 Dungeon Crawl Stone Soup version 0.20.0-15-g7f486f2 (webtiles) character file.

35164 Peloso the Fencer (level 13, -1/116 HPs)
             Began as a Minotaur Fighter on June 13, 2017.
             Was the Champion of Okawaru.
             Killed from afar by a raiju (5 damage)
             ... with a living lightning
             ... on level 2 of the Abyss.
             The game lasted 00:51:44 (16157 turns).

Peloso the Fencer (Minotaur Fighter)               Turns: 16157, Time: 00:51:46

Health: -1/116     AC: 30    Str: 29    XL:     13   Next: 46%
Magic:  12/12      EV:  8    Int:  5    God:    Okawaru [******]
Gold:   906        SH: 15    Dex: 12    Spells: 12/12 levels left

rFire    . . .     SeeInvis .   K - +6 double sword (elec)
rCold    . . .     Gourm    .   c - +1 shield
rNeg     . . .     Faith    .   L - +0 crystal plate armour
rPois    +         Spirit   .   j - +2 hat
rElec    .         Reflect  .   E - +2 cloak {rPois}
rCorr    .         Harm     .   y - +0 pair of gloves
MR       .....                  D - +0 pair of boots
Stlth    ..........             (no amulet)
Regen    0.3/turn               e - +5 ring of strength
MPRegen  0.2/turn               T - +3 ring of slaying

@: no status effects
A: retaliatory headbutt, horns 2
a: Heroism, Finesse, Renounce Religion


You were on level 2 of the Abyss.
You worshipped Okawaru.
Okawaru was exalted by your worship.
You were hungry.

You visited 3 branches of the dungeon, and saw 15 of its levels.
You visited the Abyss 1 time.
You also visited: Bailey, Ice Cave and Volcano.

You collected 972 gold pieces.
You spent 66 gold pieces at shops.

Inventory:

Hand Weapons
 G - a +2 demon blade of flaming
 K - a +6 double sword of electrocution (weapon)
Armour
 c - a +1 shield (worn)
 j - a +2 hat (worn)
 y - a +0 pair of gloves (worn)
 D - a +0 pair of boots (worn)
 E - a +2 cloak of poison resistance (worn)
 L - a +0 crystal plate armour (worn)
Jewellery
 e - a +5 ring of strength (left hand)
 T - a +3 ring of slaying (right hand)
Wands
 a - a wand of random effects (15/48)
 b - a wand of lightning (0/15)
 k - a wand of flame (29/48)
 p - a wand of iceblast (6/15)
Scrolls
 h - a scroll of recharging
 r - 4 scrolls of teleportation
 J - a scroll of fear
 O - 2 scrolls of silence
 Q - a scroll of blinking
 R - 3 scrolls of remove curse
 S - 4 scrolls of identify
Potions
 g - a potion of resistance {unknown}
 i - a potion of haste
 l - a potion of berserk rage
 n - 2 potions of agility
 o - a potion of brilliance
 t - 5 potions of flight
 C - a potion of might
 H - 2 potions of curing
Books
 d - a book of Unlife

   Spells                             Type                      Level
   a - Recall                         Summoning/Translocation      3
   b - Animate Dead                   Necromancy                   4
   c - Control Undead                 Necromancy                   4
   d - Cigotuvi's Embrace             Necromancy                   5
   e - Death Channel                  Necromancy                   6
   f - Simulacrum                     Ice/Necromancy               6
Comestibles
 f - 16 bread rations
 m - 3 royal jellies
 u - 14 fruits
 F - 4 meat rations


   Skills:
 + Level 11.0 Fighting
 + Level 16.0 Long Blades
 + Level 12.6 Armour
 + Level 5.1 Dodging
 + Level 1.5 Stealth
 + Level 14.1 Shields
 + Level 0.4 Invocations
 + Level 0.3 Evocations


You had 12 spell levels left.
You didn't know any spells.

Dungeon Overview and Level Annotations

Branches:
Dungeon (11/15)            Temple (1/1) D:7            Lair (3/6) D:11
  Snake (0/4) Lair:2          Orc (0/2) D:9
  Swamp: Lair:2-4    Shoals: Lair:2-4

Altars:
Ashenzari
Cheibriados
Dithmenos
Elyvilon
Fedhas
Gozag
Hepliaklqana
Kikubaaqudgha
Makhleb
Nemelex Xobeh
Okawaru
Qazlal
Ru
Trog
Uskayaw
Vehumet
Xom
Yredelemnul
Zin
The Shining One

Shops:
D:6 (   D:10 !

Annotations:
D:7 exclusion: statue


Innate Abilities, Weirdness & Mutations

You reflexively headbutt those who attack you in melee.
You have a pair of horns on your head.


Message History

You see here a raiju corpse.
You completely miss the raiju.
The raiju is moderately wounded.
The raiju bursts into living lightning!
The living lightning hits you!
* * * LOW HITPOINT WARNING * * *
The raiju blinks!
The raiju bursts into living lightning!
The living lightning hits you!
* * * LOW HITPOINT WARNING * * *
The living lightning hits you!
* * * LOW HITPOINT WARNING * * *
The raiju blinks! x2
You feel better.
You are feeling hungry.
The raiju bursts into living lightning!
The living lightning hits you!
* * * LOW HITPOINT WARNING * * *
The living lightning hits you!
You die...

#. ## #### .
#. #.#. .
#.# .#..
.### ### #..
#...##... .
###...##.#h.
#.#
##..##...#
##.
..##..#..#
#.##.
#..##h@§# ##
#..#####
#§##..# #...
#.# #.#
##...##.
#... .. # .
.##..# ...##
. (..# . #
#..#. .
...## #.#.##
# #.# # ## #
#. .###


You could see 2 raiju.

Vanquished Creatures
  Snorg (D:9)
  Fannar (Lair:1)
  The ghost of Name63 the Geomancer, a journeyman GrEE of Vehumet (IceCv)
  2 hydras
  7 two-headed ogres
  Urug (D:10)
  A wizard (Volcano)
  A necromancer (IceCv)
  An ugly thing (D:11)
  A cyclops (D:11)
  Maurice (D:10)
  2 black mambas
  2 toenail golems (Volcano)
  A centaur zombie (D:11)
  2 ice statues (IceCv)
  5 spiny frogs
  3 komodo dragons
  A kobold demonologist (D:11)
  6 ice devils (IceCv)
  A rime drake (Lair:2)
  An ancient zyme (Abyss:2)
  The ghost of Serafim the Cudgeler, an amateur MiBe of Trog (D:4)
  A polar bear (Lair:2)
  Prince Ribbit (D:7)
  3 raiju (Abyss:2)
  4 blink frogs (Lair:2)
  7 hippogriffs
  2 ynoxinuls (Abyss:2)
  A wyvern (D:11)
  Sigmund (D:2)
  2 vampires
  A wraith (D:11)
  3 basilisks
  Grum (D:8)
  15 yaks
  2 hungry ghosts
  A neqoxec (Abyss:2)
  5 nagas (Lair:2)
  A hell hound (Abyss:2)
  5 orc warriors
  5 water moccasins
  6 porcupines
  2 sky beasts
  11 ice beasts
  3 phantoms
  4 wolves (D:8)
  12 ogres
  3 centaurs
  7 crocodiles
  7 big kobolds
  Blork the orc (D:5)
  10 bullfrogs
  9 gnoll sergeants
  2 wyvern skeletons (D:10)
  2 scorpions (D:9)
  7 wights
  6 howler monkeys
  3 crimson imps
  A quasit (D:7)
  A bullfrog zombie (D:11)
  11 orc priests
  8 hounds
  An iron imp (Abyss:2)
  3 jellies
  6 gnoll shamans (Bailey)
  6 orc wizards
  2 bullfrog skeletons
  8 iguanas
  14 worker ants
  2 spriggan simulacra (IceCv)
  3 troll simulacra (IceCv)
  A centaur simulacrum (IceCv)
  A hound skeleton (D:6)
  27 gnolls
  13 adders
  3 naga simulacra (IceCv)
  An ogre simulacrum (IceCv)
  2 shadow imps
  2 oozes
  An adder skeleton (D:5)
  8 worms
  2 dart slugs
  6 leopard geckos
  46 orcs
  8 giant cockroaches
  13 goblins
  13 hobgoblins
  14 jackals
  57 kobolds
  4 quokkas
  10 bats
  3 frilled lizards
  A jackal skeleton (D:5)
  2 quokka skeletons
  10 rats
  A fungus (Lair:3)
  3 plants
517 creatures vanquished.

Vanquished Creatures (others)
  4 fungi (D:4)
4 creatures vanquished.

Grand Total: 521 creatures vanquished

Notes
Turn   | Place    | Note
-------+----------+-------------------------------------------
     0 | D:1      | Peloso the Minotaur Fighter began the quest for the Orb.
     0 | D:1      | Reached XP level 1. HP: 19/19 MP: 0/0
   135 | D:1      | Reached XP level 2. HP: 22/27 MP: 1/1
   517 | D:2      | Reached XP level 3. HP: 31/33 MP: 2/2
   598 | D:2      | Noticed Sigmund
   630 | D:2      | Killed Sigmund
   630 | D:2      | Reached skill level 4 in Long Blades
   630 | D:2      | Reached skill level 5 in Armour
   630 | D:2      | Reached skill level 1 in Dodging
   630 | D:2      | Reached XP level 4. HP: 20/41 MP: 3/3
   630 | D:2      | Reached XP level 5. HP: 23/47 MP: 4/4
  1199 | D:2      | Reached XP level 6. HP: 51/53 MP: 5/5
  1201 | D:2      | Found a shadowy altar of Dithmenos.
  1490 | D:3      | Found a sparkling altar of Nemelex Xobeh.
  1619 | D:3      | Found a basalt altar of Yredelemnul.
  1780 | D:3      | Reached skill level 5 in Long Blades
  1780 | D:3      | Reached skill level 5 in Shields
  2299 | D:3      | Reached XP level 7. HP: 59/60 MP: 6/6
  2479 | D:3      | Reached skill level 5 in Fighting
  3579 | D:4      | Noticed Serafim's ghost (amateur MiBe)
  3589 | D:4      | Killed Serafim's ghost
  3589 | D:4      | Reached skill level 6 in Long Blades
  3589 | D:4      | Reached XP level 8. HP: 45/70 MP: 7/7
  3606 | D:4      | Found a blossoming altar of Fedhas.
  3862 | D:4      | Reached skill level 7 in Long Blades
  4011 | D:4      | Noticed a moth of wrath
  4014 | D:4      | Found a bloodstained altar of Trog.
  4334 | D:4      | Reached skill level 8 in Long Blades
  4772 | D:5      | Entered Level 5 of the Dungeon
  4823 | D:5      | Noticed Blork the orc
  4840 | D:5      | Killed Blork the orc
  4905 | D:5      | Reached XP level 9. HP: 78/78 MP: 8/8
  5252 | D:5      | Found an ancient bone altar of Kikubaaqudgha.
  5747 | D:6      | Found a shimmering altar of Xom.
  5771 | D:6      | Found a shattered altar of Ashenzari.
  6190 | D:6      | Found Teozyete's Weapon Shop.
  6336 | D:6      | Reached skill level 9 in Long Blades
  6478 | D:7      | Found a radiant altar of Vehumet.
  6499 | D:7      | Noticed Prince Ribbit
  6530 | D:7      | Killed Prince Ribbit
  6530 | D:7      | Reached skill level 1 in Stealth
  6558 | D:7      | Found a staircase to the Ecumenical Temple.
  6566 | Temple   | Entered the Ecumenical Temple
  6597 | Temple   | Became a worshipper of Warmaster Okawaru
  6762 | D:7      | Found an opulent altar of Gozag.
  7430 | D:7      | Reached skill level 10 in Long Blades
  7602 | D:8      | Reached * piety under Okawaru
  7602 | D:8      | Reached XP level 10. HP: 68/86 MP: 9/9
  7882 | D:8      | Noticed a two-headed ogre
  7888 | D:8      | Killed a two-headed ogre
  7928 | D:8      | Noticed Grum
  7942 | D:8      | Reached ** piety under Okawaru
  7956 | D:8      | Killed Grum
  8259 | D:8      | Reached skill level 11 in Long Blades
  8301 | D:8      | Found a hazy altar of Hepliaklqana.
  8502 | D:9      | Reached skill level 10 in Shields
  8509 | D:9      | Noticed a two-headed ogre
  8518 | D:9      | Killed a two-headed ogre
  8518 | D:9      | Reached *** piety under Okawaru
  8518 | D:9      | Reached skill level 5 in Dodging
  8809 | D:9      | Reached **** piety under Okawaru
  9042 | D:9      | Found a staircase to the Orcish Mines.
  9092 | D:9      | Found a stormy altar of Qazlal.
  9269 | D:9      | Reached XP level 11. HP: 88/94 MP: 10/10
  9456 | D:9      | Noticed a two-headed ogre
  9464 | D:9      | Killed a two-headed ogre
  9464 | D:9      | Reached skill level 10 in Armour
  9546 | D:9      | Noticed a two-headed ogre
  9557 | D:9      | Killed a two-headed ogre
  9557 | D:9      | Reached skill level 12 in Long Blades
 10034 | D:10     | Entered Level 10 of the Dungeon
 10053 | D:10     | Noticed Maurice
 10066 | D:10     | Killed Maurice
 10080 | D:10     | Noticed Urug
 10088 | D:10     | Noticed a two-headed ogre
 10129 | D:9      | Killed a two-headed ogre
 10129 | D:9      | Reached ***** piety under Okawaru
 10350 | D:10     | Noticed Snorg
 10376 | D:9      | Killed Snorg
 10461 | D:10     | Killed Urug
 10629 | D:10     | Found Osokh's Distillery.
 10637 | D:10     | Bought 2 potions of curing for 66 gold pieces
 10879 | D:10     | Noticed a two-headed ogre
 10887 | D:10     | Killed a two-headed ogre
 11124 | D:11     | Found a flagged portal.
 11131 | Bailey   | Entered a bailey
 11159 | Bailey   | Received a gift from Okawaru
 11209 | Bailey   | Reached skill level 13 in Long Blades
 11561 | D:11     | Found a staircase to the Lair.
 11674 | D:11     | Found a frozen archway.
 11675 | D:11     | Noticed a red ugly thing
 11695 | D:11     | Killed a red ugly thing
 11722 | IceCv    | Entered an ice cave
 11740 | IceCv    | Reached XP level 12. HP: 104/104 MP: 11/11
 11744 | IceCv    | Noticed Name63's ghost (journeyman GrEE)
 11759 | IceCv    | Killed Name63's ghost
 11782 | IceCv    | Received a gift from Okawaru
 12882 | IceCv    | Reached skill level 14 in Long Blades
 13298 | D:11     | Noticed a two-headed ogre
 13301 | D:11     | Killed a two-headed ogre
 13301 | D:11     | Reached ****** piety under Okawaru
 13874 | Lair:1   | Entered Level 1 of the Lair of Beasts
 13927 | Lair:1   | Found a basalt altar of Yredelemnul.
 13940 | Lair:1   | Noticed Fannar
 13946 | Lair:1   | Killed Fannar
 13946 | Lair:1   | Reached skill level 10 in Fighting
 14065 | Lair:1   | Noticed a six-headed hydra
 14074 | Lair:1   | Killed a three-headed hydra
 14074 | Lair:1   | Reached skill level 15 in Long Blades
 14094 | Lair:1   | Received a gift from Okawaru
 14776 | Lair:2   | Reached XP level 13. HP: 72/114 MP: 12/12
 14945 | Lair:2   | Found a staircase to the Snake Pit.
 15929 | Lair:3   | Found a dark tunnel.
 15937 | Volcano  | Entered a volcano
 15988 | Volcano  | Cast into level 2 of the Abyss (a wizard)
 16113 | Abyss:2  | Reached skill level 16 in Long Blades
 16157 | Abyss:2  | HP: 4/116 [raiju/living lightning (11)]
 16157 | Abyss:2  | Killed from afar by a raiju

Skill      XL: |  1  2  3  4  5  6  7  8  9 10 11 12 13 |
---------------+----------------------------------------+-----
Armour         | 4 5 6 7 8 9 10 11 12 | 12.6
Shields        | 4 5 6 7 9 10 12 13 14 | 14.1
Fighting       | 4 5 6 7 9 10 11 | 11.0
Long Blades    | 4 5 6 8 10 11 13 15 16 | 16.0
Dodging        | 1 2 3 4 5 |  5.1
Stealth        | 1 |  1.5
Invocations    | |  0.4
Evocations     | |  0.3

Action                   |  1- 3 |  4- 6 |  7- 9 | 10-12 | 13-15 || total
-------------------------+-------+-------+-------+-------+-------++-------
Melee: Long sword        |    81 |   153 |       |       |       ||   234
       Headbutt          |    12 |    27 |   104 |   178 |    33 ||   354
       Falchion          |       |    49 |   404 |   303 |       ||   756
       Double sword      |       |       |       |   371 |   119 ||   490
       Demon blade       |       |       |       |     6 |     6 ||    12
Invok: Heroism           |       |       |       |     3 |     1 ||     4
Evoke: Wand              |       |       |       |     2 |       ||     2
  Use: Potion            |     4 |       |       |     3 |     1 ||     8
       Scroll            |       |     3 |    11 |    16 |     1 ||    31
  Eat: Chunk             |       |     4 |    18 |    22 |     5 ||    49
       Fruit             |       |       |       |     2 |       ||     2
Armor: Scale mail        |    41 |    84 |   109 |       |       ||   234
       Chain mail        |       |       |    15 |    16 |       ||    31
       Plate armour      |       |       |       |   120 |       ||   120
       Crystal plate arm |       |       |       |   125 |    63 ||   188
Dodge: Dodged            |    19 |   100 |   137 |   152 |    28 ||   436
Block: Shield            |    42 |   171 |   243 |   446 |    82 ||   984
       Rpst.: Long sword |     8 |    21 |       |       |       ||    29
       Falchion          |       |     8 |    39 |    22 |       ||    69
       Double sword      |       |       |       |    14 |     5 ||    19
       Demon blade       |       |       |       |       |     1 ||     1
